 Dungeon Crawl Stone Soup version 0.19.0 (webtiles) character file.

247 Danakh the Skirmisher (level 5, -6/42 HPs)
             Began as a Demonspawn Fighter on Nov 12, 2016.
             Mangled by Crazy Yiuf
             ... wielding a +2 quarterstaff of chaos
              (16 damage)
             ... on level 2 of the Dungeon.
             The game lasted 00:05:39 (1873 turns).

Danakh the Skirmisher (Demonspawn Fighter)          Turns: 1873, Time: 00:05:39

Health: -6/42      AC:  6    Str: 17      XL:     5   Next: 85%
Magic:  5/5        EV:  7    Int:  9      God:
Gold:   100        SH:  9    Dex: 12 (13) Spells: 0 memorised, 4 levels left

rFire  . . .     SeeInvis .     a - +0 war axe
rCold  . . .     Gourm    .     b - +0 scale mail
rNeg   . . .     Faith    .     c - +0 shield
rPois  .         Spirit   .     (no helmet)
rElec  .         Reflect  .     (no cloak)
rCorr  .         Harm     +     (no gloves)
MR     .....                    (no boots)
Stlth  ..........               e - amulet of harm
                                (no ring)
                                l - ring of loudness (curse)

@: drained
A: powered by death 1
a: no special abilities


You were on level 2 of the Dungeon.
You were not hungry.

You visited 1 branch of the dungeon, and saw 3 of its levels.

You collected 100 gold pieces.

Inventory:

Hand Weapons
 a - a +0 war axe (weapon)
Armour
 b - a +0 scale mail (worn)
 c - a +0 shield (worn)
Jewellery
 e - an amulet of harm (around neck)
 j - a cursed amulet of inaccuracy {unknown}
 l - a cursed ring of loudness (left hand)
Wands
 d - a wand of teleportation (3/9)
Scrolls
 g - 2 scrolls of teleportation {unknown}
 i - a scroll of magic mapping
 n - a scroll of identify
Potions
 h - a potion of lignification
 o - a potion of agility
Comestibles
 f - 2 bread rations
 k - a meat ration
 m - a slice of pizza


   Skills:
 + Level 3.9(3.6) Fighting
 * Level 3.7(3.4) Axes
 + Level 3.5(3.1) Armour
 + Level 3.7(3.3) Shields


You had 4 spell levels left.
You didn't know any spells.

Dungeon Overview and Level Annotations

Branches:
Dungeon (3/15)

Altars:

Annotations:
D:2 Crazy Yiuf


Innate Abilities, Weirdness & Mutations

You regenerate a little health from kills.


Message History

You open the door.
Crazy Yiuf the Enlightened comes into view.
He is wielding a quarterstaff of chaos.
Crazy Yiuf shouts!
Found two maces and a runed mace.
Crazy Yiuf drinks a potion.
Crazy Yiuf suddenly seems more agile.
There is an open door here.
Crazy Yiuf flaps his cloak.
You block Crazy Yiuf's attack.
You miss Crazy Yiuf.
Crazy Yiuf hits you with a quarterstaff of chaos!
You feel drained.
You closely miss Crazy Yiuf.
Crazy Yiuf grits, "Adder green tired!"
Crazy Yiuf hits you with a quarterstaff of chaos.
Crazy Yiuf burns you.
Your shield and scale mail prevent you from hitting Crazy Yiuf.
Crazy Yiuf hits you with a quarterstaff of chaos!
* * * LOW HITPOINT WARNING * * *
You are electrocuted!
You die...

#####
##
#..)#
.#
#.g)#
.#
#.@.#
.#
##'##
.#
♣♣.♣
.#
♣.♣♣
.#
♣♣.♣
.#
♣.♣♣
##
...)
♣♣.♣♣
##..##
♣..P♣♣
....#
♣....♣


You could see Crazy Yiuf.

Vanquished Creatures
  Sigmund (D:2)
  6 adders
  An adder zombie (D:1)
  A dart slug (D:3)
  3 leopard geckos
  2 bats (D:2)
  3 goblins (D:1)
  5 hobgoblins
  3 jackals (D:3)
  2 quokkas
  A giant cockroach zombie (D:1)
  3 kobolds (D:1)
  7 rats
38 creatures vanquished.

Notes
Turn   | Place    | Note
-------+----------+-------------------------------------------
     0 | D:1      | Danakh the Demonspawn Fighter began the quest for the Orb.
     0 | D:1      | Reached XP level 1. HP: 18/18 MP: 1/1
   122 | D:1      | Gained mutation: You regenerate a little health from kills. [demonic ancestry]
   122 | D:1      | Reached XP level 2. HP: 22/24 MP: 2/2
   904 | D:1      | Reached XP level 3. HP: 20/29 MP: 3/3
  1104 | D:2      | Noticed Sigmund
  1361 | D:3      | Reached XP level 4. HP: 29/35 MP: 4/4
  1711 | D:2      | Killed Sigmund
  1711 | D:2      | Reached XP level 5. HP: 39/42 MP: 5/5
  1788 | D:2      | Found a runed door.
  1868 | D:2      | Noticed Crazy Yiuf
  1873 | D:2      | Mangled by Crazy Yiuf

Skill      XL: |  1  2  3  4 |
---------------+-------------+-----
Axes           | 2 3 |  3.7
Armour         | 3 |  3.5
Shields        | 3 |  3.7
Fighting       | |  3.9

Action                   |  1- 3 |  4- 6 || total
-------------------------+-------+-------++-------
Melee: War axe           |    91 |    46 ||   137
  Use: Scroll            |     4 |       ||     4
       Potion            |     2 |     2 ||     4
 Stab: Invisible         |       |     1 ||     1
  Eat: Chunk             |     2 |     1 ||     3
Armor: Scale mail        |    50 |    25 ||    75
Dodge: Dodged            |    38 |    16 ||    54
Block: Shield            |    41 |    31 ||    72
